 Dungeon Crawl Stone Soup version 0.29.1-1-gd02db69 (webtiles) character file.

Game seed: 5506213895763901776

3763 Dorkslayer the Cleaver (level 10, -15/82 (86) HPs)
             Began as a Hill Orc Fighter on Oct 17, 2022.
             Was an Initiate of Gozag.
             Shot with an arrow by a centaur warrior (20 damage)
             ... on level 8 of the Dungeon.
             The game lasted 00:25:18 (7509 turns).

Dorkslayer the Cleaver (Hill Orc Fighter)           Turns: 7509, Time: 00:25:19

HP:   -15/82 (86)   AC: 21    Str: 24    XL:     10   Next: 15%
MP:   10/10         EV:  6    Int: 12    God:    Gozag
Gold: 647           SH: 22    Dex: 16    Spells: 9/9 levels left

rFire   . . .      SeeInvis .   j - +0 broad axe
rCold   . . .      Faith    .   o - +2 kite shield
rNeg    . . .      Spirit   .   l - +0 plate armour
rPois   .          Reflect  +   y - +0 helmet
rElec   .          Harm     .   z - +0 cloak
rCorr   .          Rampage  .   (no gloves)
Will    +....      Clarity  +   G - +2 pair of boots {Fly}
Stlth   ..........              x - amulet "Caeqofuy" {Reflect Int+4 SH+5}
HPRegen 0.23/turn               g - +6 ring of dexterity
MPRegen 0.12/turn               m - ring of willpower

@: lethally poisoned (-15 -> -17), gold aura, flying, slowed, lightly drained,
very slow
A: iridescent scales 1, large bone plates 1, clarity
a: Renounce Religion, Potion Petition, Call Merchant, Bribe Branch


You were on level 8 of the Dungeon.
You worshipped Gozag.
Gozag was pleased with you.
You visited 2 branches of the dungeon, and saw 9 of its levels.
You also visited: Ossuary and Bailey.

You collected 788 gold pieces.
You paid 141 gold pieces to Gozag.

Inventory:

Hand Weapons
 a - a +0 war axe
 j - a +0 broad axe (weapon)
 w - a +0 war axe
 E - a +0 broad axe
Missiles
 n - a curare-tipped dart
 u - 28 boomerangs (quivered)
Armour
 l - a +0 plate armour (worn)
 o - a +2 kite shield (worn)
 y - a +0 helmet (worn)
 z - a +0 cloak (worn)
 G - a +2 pair of boots of flying (worn)
Jewellery
 g - a +6 ring of dexterity (left hand)
 m - a ring of willpower (right hand)
 x - the amulet "Caeqofuy" (around neck) {Reflect Int+4 SH+5}
   (You found it on level 3 of the Dungeon)

   [amulet of reflection]

   It reflects blocked missile attacks.
   Int:       It affects your intelligence (+4).
   SH:        It affects your SH (+5).
Wands
 b - a wand of polymorph (7)
 v - a wand of flame (13)
 C - a wand of acid (10)
 D - a wand of iceblast (3)
Scrolls
 c - a scroll of blinking
 f - a scroll of immolation
 t - a scroll of silence
 A - 4 scrolls of teleportation
Potions
 e - a potion of invisibility {unknown}
 h - 4 potions of flight
 i - 3 potions of heal wounds {unknown}
 k - 2 potions of ambrosia
 p - 2 potions of cancellation
 r - a potion of mutation
 s - a potion of magic
 B - 2 potions of might
Miscellaneous
 d - a lightning rod (4/4)


   Skills:
 * Level 7.2 Fighting
 + Level 10.3 Axes
 + Level 0.7 Throwing
 * Level 7.1 Armour
 + Level 2.6 Dodging
 + Level 0.4 Stealth
 * Level 7.9 Shields
 * Level 5.0 Evocations


You had 9 spell levels left.
You didn't know any spells.
Your spell library contained the following spells:

 Spells                   Type           Power      Damage    Failure   Level
 Magic Dart               Conj           0%         1d3       100%        1
 Necrotise                Necr           0%         1d4       100%        1
 Sting                    Tmut/Pois      0%         1d3       100%        1
 Summon Small Mammal      Summ           0%         N/A       100%        1
 Call Imp                 Summ           0%         N/A       100%        2
 Poisonous Vapours        Pois/Air       0%         N/A       100%        2
 Scorch                   Fire           0%         2d5       100%        2
 Call Canine Familiar     Summ           0%         N/A       100%        3
 Confusing Touch          Hex            0%         N/A       100%        3
 Mephitic Cloud           Conj/Pois/Air  0%         N/A       100%        3
 Summon Guardian Golem    Hex/Summ       0%         N/A       100%        3
 Vampiric Draining        Necr           0%         2d6       100%        3
 Flame Wave               Conj/Fire      0%         2d4       100%        4
 Olgreb's Toxic Radiance  Pois           0%         N/A       100%        4
 Agony                    Necr           0%         N/A       100%        5
 Yara's Violent Unravell  Hex/Tmut       0%         3d3       100%        5
 Summon Cactus Giant      Summ           0%         N/A       100%        6
 Enfeeble                 Hex            0%         N/A       100%        7


Dungeon Overview and Level Annotations

Branches:
Dungeon (8/15)             Temple (1/1) D:7         Ossuary (visited)
 Bailey (visited)
   Lair: D:8-11

Altars:
Ashenzari
Cheibriados
Dithmenos
Elyvilon
Fedhas
Gozag
Hepliaklqana
Kikubaaqudgha
Makhleb
Nemelex Xobeh
Okawaru
Qazlal
Ru
Sif Muna
Trog
Uskayaw
Vehumet
Wu Jian
Xom
Yredelemnul
Zin
The Shining One

Shops:
D:4 [


Innate Abilities, Weirdness & Mutations

You are partially covered in iridescent scales. (AC +2)
You are partially covered in large bone plates. (SH +4)
You possess an exceptional clarity of mind.


Message History

You block the wight's attack.
The bullfrog hits you but does no damage.
The hornet stings you!
You are more poisoned.
You feel as though you will be slow longer.
You barely miss the wight. You hit the hornet. You miss the bullfrog.
You feel very sick. You block the bullfrog's attack.
The hornet barely misses you. You block the wight's attack.
You block the bullfrog's attack. The hornet stings you!
You suddenly lose the ability to move!
The bullfrog hits you but does no damage.
The wight hits you with a +0 scimitar!
You feel drained.
You feel very sick. The hornet barely misses you.
The bullfrog hits you but does no damage.
The wight hits you with a +0 scimitar.
You feel drained. The hornet stings you!
* * * LOW HITPOINT WARNING * * *
You feel as though you will be slow longer.
You can move again.
Unknown command.
As you read the scroll of fear, it crumbles to dust.
You assume a fearsome visage.
The hornet looks frightened!
The bullfrog looks frightened!
The basilisk looks frightened!
The wight is unaffected.
You feel sick. The wight hits you but does no damage.
Unknown command.
Blink to where?
Press: ? - help, Dir - move target
As you read the scroll of blinking, it crumbles to dust.
You feel sick.
As you read the scroll of teleportation, it crumbles to dust.
You feel strangely unstable.
You feel sick.
Your surroundings suddenly seem different.
A centaur warrior comes into view.
Found a pair of gloves.
You feel sick.
The centaur warrior wields a +0 shortbow.
The centaur warrior shoots an arrow.
The arrow hits you!
* * * LOW HITPOINT WARNING * * *
The centaur warrior shoots an arrow.
The arrow hits you!!
You die...
Your body crumbles into a pile of gold.

.....###+##+## ####
#............#####+##...
#............+..........
#............#.........z
#............#.........#
#............#.......$##
#............###+##....y
$ #.@....... ..l#.##
#......... .F.####.
#.......[. ..##?...
#.............####.
#..............#.##
......#### ..# .c....#
.## .......# ..# ...


You could see a centaur warrior.

Vanquished Creatures
  Joseph (D:7)
  A wyvern (D:7)
  A water moccasin (D:5)
  3 ice beasts
  9 orc warriors (Bailey)
  A sky beast (D:8)
  2 black bears
  An ogre (D:5)
  A centaur (D:6)
  A kobold brigand (D:7)
  A necrophage (D:7)
  A gnoll sergeant (D:7)
  3 bullfrogs
  A scorpion (D:5)
  5 water moccasin zombies (Ossuary)
  A gnoll bouda (D:7)
  7 hounds
  A jelly (D:4)
  3 orc priests
  Crazy Yiuf (D:3)
  3 iguanas
  2 mummies (Ossuary)
  12 gnolls
  11 adders
  2 shadow imps
  2 white imps
  2 ufetubi (D:6)
  4 adder zombies (Ossuary)
  4 worms
  7 dart slugs
  25 orcs
  6 endoplasms
  A giant cockroach (D:3)
  5 gnoll zombies (Ossuary)
  13 goblins
  10 hobgoblins
  5 jackals
  A quokka (D:2)
  7 ball pythons
  7 bats
  2 frilled lizards (D:2)
  4 hobgoblin zombies (Ossuary)
  20 kobolds
  2 kobold zombies (Ossuary)
  7 orc zombies (Ossuary)
  9 rats
218 creatures vanquished.

Vanquished Creatures (others)
  5 fungi (D:3)
5 creatures vanquished.

Grand Total: 223 creatures vanquished

Notes
Turn   | Place    | Note
-------+----------+-------------------------------------------
     0 | D:1      | Dorkslayer the Hill Orc Fighter began the quest for the
                  | Orb.
     0 | D:1      | Reached XP level 1. HP: 19/19 MP: 1/1
   168 | D:1      | Reached XP level 2. HP: 22/27 MP: 2/2
   343 | D:1      | Reached skill level 3 in Axes
   344 | D:1      | Reached XP level 3. HP: 25/33 MP: 3/3
   940 | D:2      | Reached skill level 4 in Axes
   940 | D:2      | Reached skill level 1 in Dodging
   940 | D:2      | Reached XP level 4. HP: 9/40 MP: 4/4
  1358 | D:2      | You fall into a shaft and drop 1 floor!
  1478 | D:2      | Reached XP level 5. HP: 45/46 MP: 5/5
  1519 | D:2      | Found a faded altar of an unknown god.
  2152 | D:3      | Identified the amulet "Caeqofuy" {Reflect Int+4 SH+5}
  2369 | D:3      | Reached skill level 5 in Axes
  2540 | D:3      | Found a runed translucent door.
  2541 | D:3      | Noticed Crazy Yiuf
  2547 | D:3      | Killed Crazy Yiuf
  2693 | D:4      | Found a snail-covered altar of Cheibriados.
  2755 | D:4      | Noticed a black bear
  2764 | D:4      | Killed a black bear
  2765 | D:4      | Reached XP level 6. HP: 47/53 MP: 6/6
  2831 | D:4      | Identified the +0 pair of boots of Protective Custody {rF-
                  | Int+2 Dex+6}
  3220 | D:4      | Reached skill level 1 in Evocations
  3290 | D:4      | Reached skill level 6 in Axes
  3539 | D:4      | Found Voante's Armour Shop.
  3634 | D:5      | Entered Level 5 of the Dungeon
  3683 | D:5      | Noticed a water moccasin
  3692 | D:5      | Gained mutation: You possess an exceptional clarity of
                  | mind. [potion of mutation]
  3692 | D:5      | Gained mutation: You have hidden genetic potential. [potion
                  | of mutation]
  3700 | D:5      | Killed a water moccasin
  3701 | D:5      | Reached XP level 7. HP: 50/60 MP: 7/7
  4164 | D:5      | Found a bloodstained altar of Trog.
  4238 | D:5      | Reached skill level 5 in Fighting
  4241 | D:5      | Gained mutation: You are partially covered in iridescent
                  | scales. (AC +2) [hidden potential]
  4350 | D:5      | Reached skill level 7 in Axes
  4355 | D:5      | Reached XP level 8. HP: 31/68 MP: 8/8
  4361 | D:5      | Reached skill level 5 in Armour
  4388 | D:5      | Reached skill level 5 in Shields
  4397 | D:5      | Identified the +4 ring mail "Tykhiani" {Fly rPois SInv}
  4404 | D:5      | Gained mutation: You are partially covered in large bone
                  | plates. (SH +4) [hidden potential]
  4404 | D:5      | Lost mutation: You have hidden genetic potential. [hidden
                  | potential expressed]
  4699 | D:5      | Found a white marble altar of Elyvilon.
  4888 | D:5      | Found a burning altar of Makhleb.
  5168 | D:6      | Found a glowing golden altar of the Shining One.
  5204 | D:6      | Found a hazy altar of Hepliaklqana.
  5433 | D:6      | Identified a scroll of acquirement
  5434 | D:6      | Acquired 291 gold pieces
  5508 | D:7      | Noticed a wyvern
  5508 | D:7      | Found a flagged portal.
  5518 | D:7      | Killed a wyvern
  5519 | D:7      | Reached skill level 8 in Axes
  5526 | Bailey   | Entered a bailey
  5559 | Bailey   | Reached XP level 9. HP: 31/75 MP: 9/9
  5670 | Bailey   | Reached skill level 9 in Axes
  5686 | Bailey   | Identified the +7 battleaxe of Blood {spect, Int+3}
  5870 | D:7      | Found a staircase to the Ecumenical Temple.
  5964 | D:7      | Noticed Joseph
  5980 | D:7      | Killed Joseph
  6062 | D:7      | Found a sand-covered staircase.
  6069 | Ossuary  | Entered an ossuary
  6299 | Ossuary  | Reached XP level 10. HP: 86/86 MP: 10/10
  6366 | Ossuary  | Reached skill level 10 in Axes
  7208 | Temple   | Entered the Ecumenical Temple
  7288 | Temple   | Became a worshipper of Gozag Ym Sagoz the Greedy
  7332 | D:8      | Reached skill level 5 in Evocations
  7504 | D:8      | Paralysed by a hornet for 2 turns
  7509 | D:8      | Noticed a centaur warrior
  7509 | D:8      | Shot with an arrow by a centaur warrior

Illustrated notes

Levels and vault maps discovered:
D:1:      eino_arrival_water_star, layout_rooms, minmay_pentomino_w2
D:2:      layout_rooms, shapermc_ecumenical_altar_notcrosses
D:3:      layout_basic, uniq_crazy_yiuf_cottage
D:4:      layout_basic, cheibrodos_worm_habitat, serial_shops, shop_fountains
D:5:      layout_loops_corners, lemuel_doored_altar, kennysheep_mini_moat,
          nicolae_elyvilon_peaceful_grove, grunt_decor_fettered,
          serial_bayou_pond_a, corexii_shack, minmay_joined_circles
D:6:      layout_rooms, mainiacjoe_overflow_two_lobes
D:7:      layout_basic, minmay_temple_entry_arrows, enter_bailey_5,
          chequers_ossuary_entry_cave, uniq_joseph
D:8:      layout_gridville, minmay_fractal_squares_gapless_5, uniq_pikel
Temple:   nicolae_temple_superstar

Skill      XL: |  1  2  3  4  5  6  7  8  9 10 |
---------------+-------------------------------+-----
Axes           | 3 4 5 6 7 8 9 10 | 10.3
Fighting       | 4 5 6 7 |  7.2
Dodging        | 1 2 |  2.6
Armour         | 4 6 7 |  7.1
Shields        | 4 6 7 |  7.9
Evocations     | 1 2 3 4 5 |  5.0
Throwing       | |  0.7
Stealth        | |  0.4

Action                   |  1- 3 |  4- 6 |  7- 9 | 10-12 || total
-------------------------+-------+-------+-------+-------++-------
Melee: War axe           |    75 |   169 |   154 |       ||   398
       Unarmed           |       |     1 |       |       ||     1
       Broad axe         |       |       |   131 |   107 ||   238
Throw: Boomerang         |       |       |     8 |       ||     8
Evoke: Wand              |       |       |    13 |       ||    13
  Use: Potion            |     1 |     6 |     7 |       ||    14
       Scroll            |       |     9 |    11 |     5 ||    25
Armor: Scale mail        |    33 |    34 |       |       ||    67
       Chain mail        |       |    54 |    23 |       ||    77
       Skin              |       |     8 |       |       ||     8
       Ring mail         |       |       |    19 |       ||    19
       Plate armour      |       |       |    42 |    38 ||    80
Dodge: Dodged            |    30 |    72 |    52 |     9 ||   163
Block: Buckler           |    17 |    52 |    45 |       ||   114
       Reflection        |       |     1 |    16 |     2 ||    19
       Kite shield       |       |       |   212 |    86 ||   298
